 Dungeon Crawl Stone Soup version 0.29-a0-982-gaed3a0c8d8 (webtiles) character file.

Game seed: 3955018301715344223

35 gelatine the Conjurer (level 3, -1/21 HPs)
             Began as an Octopode Conjurer on Aug 1, 2022.
             Slain by a gnoll
             ... wielding a +0 spear
              (4 damage)
             ... on level 2 of the Dungeon.
             The game lasted 00:02:39 (1425 turns).

gelatine the Conjurer (Octopode Conjurer)           Turns: 1425, Time: 00:02:40

Health: -1/21      AC:  1    Str:  6    XL:     3   Next: 33%
Magic:  3/6        EV: 13    Int: 22    God:
Gold:   102        SH:  0    Dex: 10    Spells: 5/6 levels left

rFire   . . .      SeeInvis .   (no weapon)
rCold   . . .      Faith    .   (no shield)
rNeg    . . .      Spirit   .   (helmet restricted)
rPois   +          Reflect  .   (no amulet)
rElec   .          Harm     .   b - ring of poison resistance
rCorr   .          Rampage  .   (no ring)
Will    .....                   (no ring)
Stlth   +++.......              (no ring)
HPRegen 0.07/turn               (no ring)
MPRegen 0.10/turn               (no ring)
                                (no ring)
                                (no ring)

@: hasted, very quick
A: almost no armour, amphibious, 8 rings, camouflage 1, gelatinous body 1,
(nimble swimmer 1), tentacles
a: no special abilities


You were on level 2 of the Dungeon.
You visited 1 branch of the dungeon, and saw 2 of its levels.

You collected 102 gold pieces.

Inventory:

Armour
 d - a +0 buckler
Magical Staves
 i - a staff of air
Jewellery
 b - a ring of poison resistance (left tentacle)
Scrolls
 e - a scroll of enchant armour {unknown}
 f - a scroll of identify {unknown}
 j - a scroll of amnesia {unknown}
Potions
 a - a potion of magic
 c - a potion of haste
 g - a potion of heal wounds {unknown}
 h - a potion of might {unknown}


   Skills:
 + Level 0.1 Short Blades
 + Level 2.1 Dodging
 + Level 2.7 Stealth
 + Level 2.3 Spellcasting
 + Level 4.8 Conjurations


You had 5 spell levels left.
You knew the following spells:

 Your Spells              Type           Power      Damage    Failure   Level
a - Magic Dart            Conj           92%        1d7       1%          1

Your spell library contained the following spells:

 Spells                   Type           Power      Damage    Failure   Level
 Searing Ray              Conj           46%        2d6       2%          2
 Sting                    Tmut/Pois      8%         1d3       13%         1
 Dazzling Flash           Conj/Hex       26%        N/A       16%         3
 Poisonous Vapours        Pois/Air       4%         N/A       21%         2
 Scorch                   Fire           4%         2d5       21%         2
 Ozocubu's Armour         Ice            2%         N/A       36%         3
 Flame Wave               Conj/Fire      13%        2d6       45%         4
 Fulminant Prism          Conj/Hex       6%         3d7       45%         4
 Iskenderun's Mystic Bla  Conj/Tloc      13%        2d5       45%         4
 Olgreb's Toxic Radiance  Pois           2%         N/A       78%         4
 Summon Cactus Giant      Summ           1%         N/A       100%        6
 Ozocubu's Refrigeration  Ice            1%         4d7       100%        7


Dungeon Overview and Level Annotations

Branches:
Dungeon (2/15)

Altars:


Innate Abilities, Weirdness & Mutations

You cannot wear most types of armour.
You are amphibious.
You can wear up to eight rings at the same time.
Your skin changes colour to match your surroundings (Stealth+).
Your rubbery body absorbs attacks. (AC +1, EV +1)
((You are camouflaged when in or above water. (Stealth+)))
You have tentacles for arms and can constrict up to eight enemies at once.


Message History

The hobgoblin is almost dead.
The magic dart hits the hobgoblin.
You kill the hobgoblin!
You see here a hobgoblin corpse.
You see here a hobgoblin corpse.
You see here 5 stones.
Done exploring.
There is a stone staircase leading down here.
You climb downwards.
Found 15 gold pieces.
There is a stone staircase leading up here.
A ball python comes into view.
The magic dart hits the ball python.
The ball python is severely wounded.
The ball python hisses angrily.
The magic dart hits the ball python.
You kill the ball python!
Magic restored.
You now have 92 gold pieces (gained 15).
You now have 102 gold pieces (gained 10).
j - a scroll labelled ELULEVAFUNI You open the door. 3 gnolls come into view.
The gnoll shouts!
Found a silvery potion.
The magic dart hits the gnoll.
The gnoll is lightly wounded.
The gnoll shouts! x2
The magic dart hits the gnoll.
The gnoll is moderately wounded.
The gnoll barely misses you.
The magic dart hits the gnoll.
The gnoll is moderately wounded.
The gnoll hits you from afar with a +0 spear!
The gnoll hits you from afar with a +0 halberd!
* * * LOW HITPOINT WARNING * * *
You are too injured to fight recklessly!
It was a potion of haste.
You feel yourself speed up.
The gnoll hits you from afar with a +0 spear.
You die...

#.......# ##......#
##.##### #+ #.# ...
#.# .... #.## .....
##..###
.....g###.....#######.
.....gg.@.#.#.........
..!...###.....########
..... ###..## ....
##.# ... #.# #+ #.#
#.# #.


You could see 3 gnolls.

Vanquished Creatures
  2 ball pythons
  4 bats (D:1)
  4 endoplasms (D:1)
  3 giant cockroaches (D:1)
  2 goblins (D:1)
  6 hobgoblins (D:1)
  2 jackals (D:1)
  2 kobolds (D:1)
  A quokka (D:1)
  A rat (D:1)
27 creatures vanquished.

Notes
Turn   | Place    | Note
-------+----------+-------------------------------------------
     0 | D:1      | gelatine the Octopode Conjurer began the quest for the Orb.
     0 | D:1      | Reached XP level 1. HP: 11/11 MP: 3/3
   206 | D:1      | Reached XP level 2. HP: 15/17 MP: 0/5
   434 | D:1      | Found a faded altar of an unknown god.
   686 | D:1      | Reached XP level 3. HP: 21/21 MP: 2/6
  1425 | D:2      | Slain by a gnoll

Illustrated notes

Levels and vault maps discovered:
D:1:      dpeg_arrival_rooms_a, layout_basic,
          shapermc_ecumenical_altar_starsandcircs,
          chequers_serial_rivers_large_b, st_stairs_6
D:2:      layout_loops_corners

Action                   || total
-------------------------++-------
Melee: Dagger            ||     1
 Cast: Magic Dart        ||    53
  Use: Potion            ||     1
Dodge: Dodged            ||     2

Table legend: (Time is in decaauts)
 A = Elapsed time spent in this place.
 B = Non-inter-level travel time spent in this place.
 C = Inter-level travel time spent in this place.
 D = Time resting spent in this place.
 E = Time spent auto-exploring this place.
 F = Levels seen in this place.
 G = Mean time per level.
                   A        B        C        D        E       F      G
               +--------+--------+--------+--------+--------+-----+--------+
         Total |   1423 |   1391 |     32 |      0 |   1247 |   2 |  711.5 |
       Dungeon |   1423 |   1391 |     32 |      0 |   1247 |   2 |  711.5 |
               +--------+--------+--------+--------+--------+-----+--------+

Top non-repeatable levels by time:
     D:1: 1370 daAuts
     D:2: 53 daAuts
